 Dungeon Crawl Stone Soup version 0.20-a0-268-gb6bde61 (webtiles) character file.

74 Fhqwhgads the Chiller (level 4, 0/36 HPs)
             Began as a Naga Ice Elementalist on Dec 6, 2016.
             Slain by a gnoll
             ... wielding a +0 spear
              (9 damage)
             ... on level 2 of the Dungeon.
             The game lasted 00:06:04 (2506 turns).

Fhqwhgads the Chiller (Naga Ice Elementalist)       Turns: 2506, Time: 00:06:04

Health: 0/36       AC:  2    Str: 12    XL:     4   Next: 30%
Magic:  3/7        EV: 10    Int: 15    God:
Gold:   54         SH:  0    Dex: 11    Spells: 3/7 levels left

rFire  . . .     SeeInvis +     p - +0 spear
rCold  . . .     Gourm    .     a - +0 robe
rNeg   . . .     Faith    .     (no shield)
rPois  +         Spirit   .     (no helmet)
rElec  .         Reflect  .     (no cloak)
rCorr  .         Harm     .     (no gloves)
MR     .....                    (no barding)
Stlth  ++........               (no amulet)
                                (no ring)
                                (no ring)

@: very slow
A: see invisible, deformed body, poison resistance, slowness 2, slow metabolism
1, spit poison 1, AC +1
a: Spit Poison


You were on level 2 of the Dungeon.
You were not hungry.

You visited 1 branch of the dungeon, and saw 2 of its levels.

You collected 54 gold pieces.

Inventory:

Hand Weapons
 j - a +0 short sword
 p - a +0 spear (weapon)
Missiles
 g - a tomahawk (quivered)
Armour
 a - a +0 robe (worn)
 e - a +0 plate armour
Scrolls
 i - a scroll of enchant armour {unknown}
 k - 2 scrolls of amnesia {unknown}
 l - a scroll of identify {unknown}
 m - a scroll of teleportation {unknown}
 o - a scroll of fear {unknown}
Potions
 n - a potion of resistance {unknown}
Books
 b - a book of Frost

   Spells                             Type                      Level
   a - Freeze                         Ice                          1
   b - Throw Frost                    Conjuration/Ice              2
   c - Ozocubu's Armour               Charms/Ice                   3
   d - Throw Icicle                   Conjuration/Ice              4
   e - Summon Ice Beast               Ice/Summoning                4
Comestibles
 c - a bread ration
 d - 3 fruits
 f - a beef jerky
 h - 2 chunks of flesh


   Skills:
 - Level 1.5 Dodging
 - Level 3.0 Stealth
 - Level 2.0 Spellcasting
   Level 1.0 Conjurations
 + Level 5.0 Ice Magic


You had 3 spell levels left.
You knew the following spells:

 Your Spells              Type           Power        Failure   Level  Hunger
a - Freeze                Ice            ###.         2%          1    #......
b - Ozocubu's Armour      Chrm/Ice       #.......     24%         3    ###....


Dungeon Overview and Level Annotations

Branches:
Dungeon (2/15)

Altars:


Innate Abilities, Weirdness & Mutations

You cannot wear boots.
Your serpentine skin is tough. (AC +1)
You have supernaturally acute eyesight. (SInv)
Armour fits poorly on your strangely shaped body.
Your system is resistant to poisons. (rPois)
You cover ground very slowly.
You have a slow metabolism.
You can spit poison.


Message History

Press: ? - help, Shift-Dir - straight line, f/p - gnoll
Aim: a gnoll, wielding an enchanted halberd and wearing a robe (severely wounded)
You freeze the gnoll.
The gnoll is almost dead.
The gnoll hits you from afar with a spear!
The gnoll closely misses you.
Casting: Freeze
Confirm with . or Enter, or press ? or * to list all spells.
Aiming: Freeze
Press: ? - help, Shift-Dir - straight line, f/p - gnoll
Aim: a gnoll, wielding an enchanted halberd and wearing a robe (almost dead)
You freeze the gnoll.
You kill the gnoll!
Your Ice Magic skill increases to level 5!
The gnoll misses you.
A goblin comes into view. It is wielding a club.
The goblin moves out of view.
The gnoll hits you with a spear.
* * * LOW HITPOINT WARNING * * *
The gnoll hits you with a spear!
You die...

########### #.........#
#.#######.###
#.#######...#
#@.....####.######
......g.................
......♣............####.
.....♣_♣.#...........)..
..... ♣ .............##.
#### ...........#.##.
##........##.#..
.............÷
......###....


You could see a gnoll.

Vanquished Creatures
  2 gnolls (D:2)
  2 adders (D:2)
  A dart slug (D:1)
  2 leopard geckos (D:1)
  7 bats
  A giant cockroach (D:1)
  6 goblins (D:1)
  3 hobgoblins (D:1)
  4 kobolds (D:1)
  4 rats
32 creatures vanquished.

Notes
Turn   | Place    | Note
-------+----------+-------------------------------------------
     0 | D:1      | Fhqwhgads the Naga Ice Elementalist began the quest for the Orb.
     0 | D:1      | Reached XP level 1. HP: 15/15 MP: 3/3
   344 | D:1      | Reached XP level 2. HP: 3/22 MP: 0/5
  1409 | D:1      | Reached skill level 4 in Ice Magic
  1555 | D:1      | Reached XP level 3. HP: 12/28 MP: 6/6
  2063 | D:1      | Learned a level 3 spell: Ozocubu's Armour
  2442 | D:2      | Reached XP level 4. HP: 31/36 MP: 3/7
  2498 | D:2      | Found a faded altar of an unknown god.
  2505 | D:2      | Reached skill level 5 in Ice Magic
  2506 | D:2      | Slain by a gnoll

Vault maps used:
D:1:      minmay_arrival_doors
D:2:      chequers_ecumenical_altar_simple, grunt_ministairs_2

Skill      XL: |  1  2  3  4 |
---------------+-------------+-----
Ice Magic      | 4 5 |  5.0
Dodging        | |  1.5
Stealth        | |  3.0
Spellcasting   | |  2.0
Conjurations   | |  1.0

Action                   |  1- 3 |  4- 6 || total
-------------------------+-------+-------++-------
Melee: Unarmed           |    77 |       ||    77
       Short sword       |    40 |       ||    40
       Dagger            |     6 |       ||     6
       Spear             |     1 |       ||     1
Throw: Tomahawk          |     1 |     1 ||     2
 Cast: Freeze            |    32 |     5 ||    37
 Stab: Sleeping          |     4 |       ||     4
  Eat: Chunk             |     4 |       ||     4
Armor: Robe              |    40 |       ||    40
Dodge: Dodged            |   116 |     4 ||   120
